 Dungeon Crawl Stone Soup version 0.24-a0-586-g8e0e932a4c (webtiles) character file.

Game seed: 11798027011796714791, levelgen mode: deterministic

96 MackTheKnife the Insei (level 4, -1/31 HPs)
             Began as an Octopode Monk on Sept 8, 2019.
             Slain by a gnoll
             ... wielding a +0 whip
              (4 damage)
             ... on level 1 of the Dungeon.
             The game lasted 00:00:59 (1066 turns).

MackTheKnife the Insei (Octopode Monk)              Turns: 1066, Time: 00:01:00

Health: -1/31      AC:  1    Str: 10    XL:     4   Next: 67%
Magic:  4/4        EV: 14    Int: 12    God:
Gold:   76         SH:  0    Dex: 15    Spells: 3/3 levels left

rFire    . . .     SeeInvis .     - Unarmed
rCold    . . .     Gourm    .   (no shield)
rNeg     . . .     Faith    .   (helmet restricted)
rPois    .         Spirit   .   (no amulet)
rElec    .         Reflect  .   (no ring)
rCorr    .         Harm     .   (no ring)
MR       .....                  (no ring)
Stlth    +++.......             (no ring)
HPRegen  0.10/turn              (no ring)
MPRegen  0.09/turn              (no ring)
                                (no ring)
                                (no ring)

@: no status effects
A: almost no armour, stealthy swim, amphibious, 8 rings, constrict 8, camouflage
1, gelatinous body 1
a: no special abilities


You were on level 1 of the Dungeon.
You were hungry.

You visited 1 branch of the dungeon, and saw 2 of its levels.

You collected 76 gold pieces.

Inventory:

Hand Weapons
 c - a +0 dagger of venom
   (You took it off a goblin on level 1 of the Dungeon)
Scrolls
 d - a scroll of identify {unknown}
 f - a scroll of fear {unknown}
 g - 3 scrolls of amnesia {unknown}
 h - a scroll of remove curse {unknown}
Potions
 b - 2 potions of lignification {unknown}
 e - a potion of degeneration {unknown}
Comestibles
 a - 3 rations


   Skills:
 - Level 3.0 Fighting
 - Level 3.0 Dodging
 - Level 2.6 Stealth
 + Level 5.3 Unarmed Combat


You had 3 spell levels left.
You didn't know any spells.
Your spell library was empty.

Dungeon Overview and Level Annotations

Branches:
Dungeon (2/15)

Altars:


Innate Abilities, Weirdness & Mutations

You cannot wear most types of armour.
You are very stealthy in the water. (Stealth+)
You are amphibious.
You can wear up to eight rings at the same time.
You can use your tentacles to constrict eight enemies at once.
Your skin changes colour to match your surroundings (Stealth+).
Your rubbery body absorbs attacks. (AC +1, EV +1)


Message History

An adder is nearby!
An adder is nearby!
You barely miss the adder. You grab the adder. You constrict the adder.
The adder bites you.
You take 3 damage, and have 23/26 hp.
You tentacle-slap the adder.
You constrict the adder, but do no damage.
The adder closely misses you.
You tentacle-slap the adder. You constrict the adder.
You kill the adder!
You have reached level 4!
You regained 4 hp, and now have 27/31 hp.
MP restored: 4 You see here an adder corpse.
An adder comes into view.
An adder is nearby!
An adder is nearby!
An adder is nearby!
The adder hisses angrily.
You tentacle-slap the adder. Your grab misses the adder.
The adder closely misses you.
You tentacle-slap the adder. Your grab misses the adder.
The adder bites you. x2
You take 8 damage, and have 21/31 hp.
MASSIVE DAMAGE!!
You closely miss the adder. Your grab misses the adder. You squeeze the adder.
You kill the adder!
Your Unarmed Combat skill increases to level 5!
No target in view!
No target in view!
You start resting.
Health restored: 31 A kobold comes into view.
It is wielding a +0 whip.
A kobold is nearby!
A kobold is nearby!
A kobold is nearby!
The helpless kobold fails to defend itself.
You bludgeon the kobold!
You kill the kobold!
Things that are here:
a +0 whip; a kobold corpse No target in view!
Found a stone staircase leading up.
No target in view!
There is a stone staircase leading up here.
a - 3 rations (gained 1)
A worm comes into view.
Found a stone staircase leading down.
A gnoll comes into view. It is wielding a +0 flail.
There are monsters nearby!
A gnoll comes into view. It is wielding a +0 whip.
The gnoll shouts! x2; You hear a shout!
A gnoll comes into view. It is wielding a +0 club.
The worm bites you!
You take 10 damage, and have 21/31 hp.
MASSIVE DAMAGE!!
You tentacle-slap the worm. Your grab misses the worm. You squeeze the worm!
A gnoll comes into view. It is wielding a +0 spear.
The gnoll shouts!
You tentacle-slap the worm. You grab the worm. You squeeze the worm!
You constrict the worm, but do no damage.
The worm closely misses you.
You tentacle-slap the worm.
You kill the worm!
You bludgeon the gnoll! You grab the gnoll.
You squeeze the gnoll, but do no damage.
You constrict the gnoll. The gnoll closely misses you.
You tentacle-slap the gnoll.
You kill the gnoll!
You see here a +0 flail.
You bludgeon the gnoll! Your grab misses the gnoll.
The gnoll hits you from afar with a +0 spear.
The gnoll closely misses you.
You take 4 damage, and have 18/31 hp.
You tentacle-slap the gnoll but do no damage.
Your grab misses the gnoll. You squeeze the gnoll!
You kill the gnoll!
The gnoll completely misses you. The gnoll hits you with a +0 whip.
The gnoll closely misses you.
You take 3 damage, and have 15/31 hp.
You closely miss the gnoll. You grab the gnoll. You constrict the gnoll.
The gnoll misses you.
The gnoll hits you from afar with a +0 spear.
You take 4 damage, and have 11/31 hp.
You tentacle-slap the gnoll but do no damage.
You constrict the gnoll, but do no damage.
The gnoll hits you with a +0 whip.
* * * LOW HITPOINT WARNING * * *
The gnoll hits you from afar with a +0 spear.
* * * LOW HITPOINT WARNING * * *
You take 9 damage, and have 2/31 hp.
MASSIVE DAMAGE!!
You release your grip on the gnoll.
You are feeling hungry.
There is a stone staircase leading up here.
The gnoll closely misses you.
You climb upwards.
There is a stone staircase leading down here.
You barely miss the gnoll. You grab the gnoll. You constrict the gnoll.
The gnoll hits you with a +0 whip.
You die...

...........##...##....#.########
....###.##......##....#.#......##
....# #..........#....#.#.####.#.
(...# #......#...#....[.#.# #.#.
....# #..........####.###.# #.#.
....###......##..# #.....####.#.
###..........##..# #.####†....#.
#...(..........#########.#####.
#..........##g@..........# #.
#......######.############ #.
#.[....# ###.## #.
#......####....# ##
#####..........# #######....#
##....# #.....# #.....#


You could see a gnoll.

Vanquished Creatures
  2 gnolls (D:2)
  3 adders (D:2)
  A worm (D:2)
  3 dart slugs (D:1)
  2 bats (D:1)
  2 giant cockroaches (D:1)
  7 goblins
  5 hobgoblins (D:1)
  3 jackals (D:1)
  A ball python (D:1)
  7 kobolds
  6 rats
42 creatures vanquished.

Notes
Turn   | Place    | Note
-------+----------+-------------------------------------------
     0 | D:1      | MackTheKnife the Octopode Monk began the quest for the Orb.
     0 | D:1      | Reached XP level 1. HP: 16/16 MP: 1/1
    21 | D:1      | Reached XP level 2. HP: 17/21 MP: 2/2
   472 | D:1      | Reached skill level 4 in Unarmed Combat
   479 | D:1      | Reached XP level 3. HP: 22/26 MP: 3/3
   906 | D:2      | Reached XP level 4. HP: 27/31 MP: 4/4
   926 | D:2      | Reached skill level 5 in Unarmed Combat
  1058 | D:2      | HP: 7/31 [gnoll/+0 whip (4)]
  1058 | D:2      | HP: 2/31 [gnoll/+0 spear (5)]
  1066 | D:1      | Slain by a gnoll

Levels and vault maps discovered:
D:1:      mrwooster_arrival_statue, layout_basic, minmay_pentomino_r4
D:2:      layout_loops_ring, nicolae_overflow_hidden_temple, first_ration,
          uniq_robin

Skill      XL: |  1  2  3  4 |
---------------+-------------+-----
Unarmed Combat | 4 5 |  5.3
Fighting       | |  3.0
Dodging        | |  3.0
Stealth        | |  2.6

Action                   |  1- 3 |  4- 6 || total
-------------------------+-------+-------++-------
Melee: Unarmed           |    65 |    14 ||    79
       Constrict         |    25 |     4 ||    29
       Tentacles         |    13 |     5 ||    18
       Punch             |     1 |       ||     1
 Stab: Sleeping          |     5 |     1 ||     6
       Distracted        |     1 |       ||     1
Armor: Skin              |     6 |       ||     6
Dodge: Dodged            |    41 |     8 ||    49

Table legend:
 A = Non-vault XP
 B = Vault XP
 C = Vault XP percentage of total XP
 D = Non-vault monster count
 E = Vault monster count
 F = Vault count percentage of total count
                 A         B        C        D         E       F
            +---------+---------+-------+---------+---------+-------
      Total |     132 |       6 |   4.3 |      38 |       4 |   9.5
            +---------+---------+-------+---------+---------+-------
        D:1 |      52 |       6 |  10.3 |      27 |       4 |  12.9
        D:2 |      80 |       0 |   0.0 |      11 |       0 |   0.0
            +---------+---------+-------+---------+---------+-------

Levels and vault maps discovered:
D:1:      mrwooster_arrival_statue, layout_basic, minmay_pentomino_r4
D:2:      layout_loops_ring, nicolae_overflow_hidden_temple, first_ration,
          uniq_robin

Table legend:
 A = Turns spent in this place as a percentage of turns spent in the entire game.
 B = Non-inter-level travel turns spent in this place as a percentage of non-inter-level travel turns spent in the entire game.
 C = Inter-level travel turns spent in this place as a percentage of turns spent in this place.
 D = Turns resting spent in this place as a percentage of non-inter-level travel turns spent in this place.
 E = Turns spent auto-exploring this place as a percentage of non-inter-level travel turns spent in this place.
 F = Non-inter-level travel turns spent in this place divided by the number of levels of this place that you've seen.
                   A       B       C       D       E      F
               +-------+-------+-------+-------+-------+----------------------
         Total | 100.0 | 100.0 |   4.1 |  35.1 |  44.4 | 511.0
       Dungeon | 100.0 | 100.0 |   4.1 |  35.1 |  44.4 | 511.0
               +-------+-------+-------+-------+-------+----------------------

Table legend:
 A = Kills in this place as a percentage of kills in entire the game.
 B = Kills by you in this place as a percentage of kills by you in the entire game.
 C = Kills by friends in this place as a percentage of kills by friends in the entire game.
 D = Other kills in this place as a percentage of other kills in the entire game.
 E = Experience gained in this place as a percentage of experience gained in the entire game.
 F = Experience gained in this place divided by the number of levels of this place that you have seen.
                   A       B       C       D       E      F
               +-------+-------+-------+-------+-------+----------------------
         Total | 100.0 | 100.0 |   N/A |   N/A | 100.0 |  69.0
       Dungeon | 100.0 | 100.0 |   N/A |   N/A | 100.0 |  69.0
               +-------+-------+-------+-------+-------+----------------------
